 Dungeon Crawl Stone Soup version 0.27.1-33-g824d729ab1 (webtiles) character file.

Game seed: 12941843402810968682

415 jlumianski the Ducker (level 6, -1/79 HPs)
             Began as a Gnoll Monk on Dec 30, 2021.
             Succumbed to a scorpion's poison
             ... on level 4 of the Dungeon.
             The game lasted 00:31:16 (5842 turns).

jlumianski the Ducker (Gnoll Monk)                  Turns: 5842, Time: 00:31:16

Health: -1/79      AC:  9    Str: 12    XL:     6   Next: 91%
Magic:  9/9        EV:  7    Int: 10    God:
Gold:   132        SH:  0    Dex: 14    Spells: 2/9 levels left

rFire    . . .     SeeInvis .   a - +0 hand axe
rCold    . . .     Faith    .   (no shield)
rNeg     . . .     Spirit   .   i - +1 chain mail
rPois    .         Reflect  .   (no helmet)
rElec    .         Harm     .   (no cloak)
rCorr    .         Rampage  .   (no gloves)
Will     .....                  (no boots)
Stlth    ..........             (no amulet)
HPRegen  0.23/turn              m - ring of wizardry
MPRegen  0.11/turn              (no ring)

@: berserking, lethally poisoned (-1 -> -25), very quick
A: fangs 1, strong nose, distributed training
a: no special abilities


You were on level 4 of the Dungeon.
You visited 1 branch of the dungeon, and saw 5 of its levels.

You collected 132 gold pieces.

Inventory:

Hand Weapons
 a - a +0 hand axe (weapon)
 d - a +3 dagger of speed
 n - a +0 hunting sling
Missiles
 c - 49 bolts
 j - 24 sling bullets
 k - 111 stones (quivered)
Armour
 b - a +0 robe
 e - a +0 plate armour
 g - a +0 leather armour
 i - a +1 chain mail (worn)
 v - a +0 ring mail
Magical Staves
 o - a staff of conjuration
Jewellery
 m - a ring of wizardry (left hand)
Scrolls
 f - a scroll of amnesia {unknown}
 s - 2 scrolls of fog {unknown}
 t - a scroll of noise {unknown}
Potions
 h - a potion of brilliance
 l - 2 potions of attraction
 p - a potion of resistance
 q - 2 potions of flight
 u - a potion of degeneration {unknown}


   Skills:
 + Level 6.9 Fighting
 + Level 2.1 Short Blades
 + Level 2.1 Long Blades
 + Level 6.9 Axes
 + Level 2.1 Maces & Flails
 + Level 2.1 Polearms
 + Level 2.1 Staves
 + Level 2.1 Slings
 + Level 2.1 Bows
 + Level 2.1 Crossbows
 + Level 2.1 Throwing
 + Level 2.1 Armour
 + Level 6.9 Dodging
 + Level 4.7 Stealth
 + Level 2.1 Shields
 + Level 2.1 Unarmed Combat
 + Level 2.1 Spellcasting
 + Level 1.7 Conjurations
 + Level 1.7 Hexes
 + Level 1.7 Summonings
 + Level 1.7 Necromancy
 + Level 1.7 Translocations
 + Level 1.7 Transmutations
 + Level 1.7 Fire Magic
 + Level 1.7 Ice Magic
 + Level 1.7 Air Magic
 + Level 1.7 Earth Magic
 + Level 1.7 Poison Magic
 + Level 2.4 Invocations
 + Level 2.1 Evocations


You had 2 spell levels left.
You knew the following spells:

 Your Spells              Type           Power      Damage    Failure   Level
a - Frozen Ramparts       Ice            8%         1d2       99%         3
b - Summon Lightning Spi  Summ/Air       4%         N/A       100%        4

Your spell library contained the following spells:

 Spells                   Type           Power      Damage    Failure   Level
 Corona                   Hex            4%         N/A       91%         1
 Magic Dart               Conj           16%        1d3       91%         1
 Call Imp                 Summ           4%         N/A       97%         2
 Ensorcelled Hibernation  Hex/Ice        8%         N/A       97%         2
 Mephitic Cloud           Conj/Pois/Air  4%         N/A       99%         3
 Tukima's Dance           Hex            4%         N/A       99%         3
 Airstrike                Air            2%         N/A       100%        4
 Ice Form                 Ice/Tmut       4%         N/A       100%        4
 Summon Ice Beast         Ice/Summ       4%         N/A       100%        4
 Lightning Bolt           Conj/Air       2%         1d13      100%        5


Dungeon Overview and Level Annotations

Branches:
Dungeon (5/15)
 Temple: D:4-7

Altars:
Zin

Annotations:
D:2 Sigmund
D:5 Prince Ribbit


Innate Abilities, Weirdness & Mutations

You have very sharp teeth.
Your uncanny sense of smell can sniff out nearby items.
Your experience applies equally to all skills.


Message History

The scorpion stings you.
You are poisoned.
The scorpion poisons you!
You closely miss the scorpion.
The scorpion is moderately wounded.
You feel very sick. The scorpion stings you.
You are more poisoned.
The scorpion poisons you!
You closely miss the scorpion. Your bite misses the scorpion.
The scorpion is moderately wounded.
You feel very sick.
The scorpion stings you but does no damage.
You hit the scorpion. Your bite misses the scorpion.
The scorpion is moderately wounded.
You feel very sick. The scorpion stings you.
You hit the scorpion but do no damage.
The scorpion is moderately wounded.
You feel very sick. The scorpion stings you.
You are lethally poisoned!
The scorpion poisons you! The scorpion stings you!
* * * LOW HITPOINT WARNING * * *
A red film seems to cover your vision as you go berserk!
You feel yourself moving faster!
You feel mighty!
* * * LOW HITPOINT WARNING * * *
You feel very sick. The scorpion stings you.
* * * LOW HITPOINT WARNING * * *
You are more poisoned.
The scorpion poisons you!
You slash the scorpion!
The scorpion is severely wounded.
* * * LOW HITPOINT WARNING * * *
You feel very sick. The scorpion barely misses you.
You closely miss the scorpion.
The scorpion is severely wounded.
You die...

##.....#######.....###
##.......#...........#
##....................##
#...........###........#
...........## ##.......##
...........# ##.......#
..........## #........
.........## ##.......
......(s@# ###......
........>.# ####........
.............#...........
#.................<......
##.....####....#####.....
##.... #...# ##.... ##...
..## #.... ##.. .# #....
#....


You could see a scorpion.

Vanquished Creatures
  3 centaur skeletons (D:4)
  2 iguanas
  3 orc wizards
  A hound skeleton (D:4)
  7 adders
  5 worms
  2 dart slugs
  8 orcs
  4 ball pythons
  8 endoplasms
  4 giant cockroaches
  9 goblins
  5 hobgoblins
  12 jackals
  A quokka (D:1)
  6 bats
  2 frilled lizards
  4 kobolds
  6 rats
92 creatures vanquished.

Vanquished Creatures (collateral kills)
  An iguana (D:5)
1 creature vanquished.

Vanquished Creatures (others)
  2 fungi (D:2)
2 creatures vanquished.

Grand Total: 95 creatures vanquished

Notes
Turn   | Place    | Note
-------+----------+-------------------------------------------
     0 | D:1      | jlumianski the Gnoll Monk began the quest for the Orb.
     0 | D:1      | Reached XP level 1. HP: 23/23 MP: 1/1
    45 | D:2      | Found a faded altar of an unknown god.
   202 | D:1      | Reached XP level 2. HP: 26/29 MP: 2/2
   875 | D:1      | Reached XP level 3. HP: 27/35 MP: 3/3
  1051 | D:2      | Reached skill level 1 in Invocations
  1378 | D:2      | Reached skill level 1 in Short Blades
  1378 | D:2      | Reached skill level 1 in Long Blades
  1378 | D:2      | Reached skill level 1 in Maces & Flails
  1378 | D:2      | Reached skill level 1 in Polearms
  1378 | D:2      | Reached skill level 1 in Staves
  1378 | D:2      | Reached skill level 1 in Slings
  1378 | D:2      | Reached skill level 1 in Bows
  1378 | D:2      | Reached skill level 1 in Crossbows
  1378 | D:2      | Reached skill level 1 in Throwing
  1378 | D:2      | Reached skill level 1 in Armour
  1378 | D:2      | Reached skill level 1 in Shields
  1378 | D:2      | Reached skill level 1 in Unarmed Combat
  1378 | D:2      | Reached skill level 1 in Spellcasting
  1378 | D:2      | Reached skill level 1 in Evocations
  1550 | D:2      | Found a glowing silver altar of Zin.
  1667 | D:3      | Reached XP level 4. HP: 41/41 MP: 5/5
  1872 | D:2      | Reached skill level 1 in Conjurations
  1872 | D:2      | Reached skill level 1 in Hexes
  1872 | D:2      | Reached skill level 1 in Summonings
  1872 | D:2      | Reached skill level 1 in Necromancy
  1872 | D:2      | Reached skill level 1 in Translocations
  1872 | D:2      | Reached skill level 1 in Transmutations
  1872 | D:2      | Reached skill level 1 in Fire Magic
  1872 | D:2      | Reached skill level 1 in Ice Magic
  1872 | D:2      | Reached skill level 1 in Air Magic
  1872 | D:2      | Reached skill level 1 in Earth Magic
  1872 | D:2      | Reached skill level 1 in Poison Magic
  2142 | D:2      | Learned a level 3 spell: Frozen Ramparts
  2665 | D:3      | Reached XP level 5. HP: 47/47 MP: 2/6
  3615 | D:3      | Noticed Sigmund
  3740 | D:2      | Learned a level 4 spell: Summon Lightning Spire
  4811 | D:5      | Entered Level 5 of the Dungeon
  4883 | D:5      | Reached XP level 6. HP: 5/53 MP: 8/8
  4900 | D:5      | Noticed Prince Ribbit
  5841 | D:4      | HP: 2/79 [poisoned by a scorpion]
  5842 | D:4      | Succumbed to a scorpion's poison

Illustrated notes

Levels and vault maps discovered:
D:1:      elethiomel_arrival_maze, layout_basic, minmay_misc_feat_doors
D:2:      layout_basic, shapermc_ecumenical_altar_ellora, basic_altar,
          hangedman_abyss_or_decor_lesser_grid, supply_closet_lemuel
D:3:      layout_basic, uniq_sigmund
D:4:      layout_layer_cave, xom_redecorated
D:5:      layout_basic, uniq_blork_the_orc, uniq_prince_ribbit1

Skill      XL: |  1  2  3  4  5  6 |
---------------+-------------------+-----
Invocations    | 1 2 |  2.4
Short Blades   | 1 2 |  2.1
Long Blades    | 1 2 |  2.1
Maces & Flails | 1 2 |  2.1
Polearms       | 1 2 |  2.1
Staves         | 1 2 |  2.1
Slings         | 1 2 |  2.1
Bows           | 1 2 |  2.1
Crossbows      | 1 2 |  2.1
Throwing       | 1 2 |  2.1
Armour         | 1 2 |  2.1
Shields        | 1 2 |  2.1
Unarmed Combat | 1 2 |  2.1
Spellcasting   | 1 2 |  2.1
Evocations     | 1 2 |  2.1
Conjurations   | 1 |  1.7
Hexes          | 1 |  1.7
Summonings     | 1 |  1.7
Necromancy     | 1 |  1.7
Translocations | 1 |  1.7
Transmutations | 1 |  1.7
Fire Magic     | 1 |  1.7
Ice Magic      | 1 |  1.7
Air Magic      | 1 |  1.7
Earth Magic    | 1 |  1.7
Poison Magic   | 1 |  1.7
Fighting       | |  6.9
Axes           | |  6.9
Dodging        | |  6.9
Stealth        | |  4.7

Action                   |  1- 3 |  4- 6 || total
-------------------------+-------+-------++-------
Melee: Hand axe          |   122 |    82 ||   204
       Bite              |     9 |    18 ||    27
       Punch             |       |     4 ||     4
       Dagger            |       |    94 ||    94
       Hunting sling     |       |     3 ||     3
 Fire: Hunting sling     |       |    57 ||    57
Throw: Stone             |    15 |    22 ||    37
 Cast: Frozen Ramparts   |       |    27 ||    27
  Use: Potion            |     3 |     7 ||    10
       Scroll            |       |     9 ||     9
 Stab: Sleeping          |     2 |     1 ||     3
Armor: Robe              |     3 |    26 ||    29
       Plate armour      |    96 |    27 ||   123
       Chain mail        |       |     7 ||     7
Dodge: Dodged            |    17 |   128 ||   145
